Map: New Repugnancy LE

Players

OrangCaramel - Winner!

  • Race: Protoss Protoss
  • League: Master
  • Spawn Location: 1:00

fuinkaze

  • Race: Protoss Protoss
  • League: Diamond
  • Spawn Location: 7:00

VOD

Have the link to the VOD?

Description

Time

  • Played on: May 11, 2019, 2:33 p.m.
  • Length: 6:04
Show
View Real Time Build Order
Export as new Build Order

OrangCaramel Protoss - Winner!

Build Orders:  

Get SALT Encoding   

  12  0:01  Probe  
  13  0:13  Probe  
  14  0:18  Pylon  
  14  0:25  Probe  
  15  0:33  Probe  
  15  0:39  Gateway  
  15  0:41  Probe  
  17  0:50  Assimilator  
  17  0:51  Probe  
  18  1:04  Probe  
  19  1:05  Assimilator  
  19  1:11  Gateway  
  19  1:16  Probe  
  20  1:28  Probe, Cybernetics Core  
  21  1:37  Pylon  
  21  1:40  Probe  
  22  1:52  Probe  
  23  2:03  Warp Gate  
  23  2:04  Probe  
  23  2:06  Stalker x2  
  28  2:11  Pylon  
  28  2:16  Probe  
  29  2:29  Probe  
  30  2:36  Stalker x2  
  34  2:48  Pylon  
  34  2:52  Probe  
  35  3:06  Stalker x2  
  39  3:24  Robotics Facility  
  39  3:28  Pylon  
  39  3:47  Shield Battery  
  34  3:55  Stalker  
  34  3:56  Stalker  
  36  4:04  Immortal  
  36  4:20  Stalker x2  
  36  4:45  Immortal  
  40  4:46  Stalker x2  
  42  5:12  Stalker x2  
  46  5:17  Immortal  
  46  5:24  Pylon  
  50  5:39  Stalker x2  
Show
View Real Time Build Order
Export as new Build Order

fuinkaze Protoss 

Build Orders:  

Get SALT Encoding   

  12  0:01  Probe  
  13  0:13  Probe  
  14  0:21  Pylon  
  14  0:25  Probe  
  15  0:39  Probe  
  15  0:41  Gateway  
  16  0:47  Probe  
  16  0:54  Assimilator  
  16  0:55  Probe  
  18  1:10  Gateway  
  18  1:12  Probe  
  18  1:16  Assimilator  
  19  1:24  Probe  
  20  1:30  Cybernetics Core  
  20  1:36  Probe  
  21  1:44  Pylon  
  21  1:45  Warp Gate  
  21  1:48  Probe  
  22  2:00  Probe  
  23  2:01  Pylon  
  23  2:08  Adept  
  25  2:09  Adept  
  27  2:23  Gateway  
  27  2:36  Gateway  
  27  2:39  Stalker  
  28  2:47  Stalker  
  30  2:55  Pylon  
  30  3:20  Gateway  
  30  3:33  Stalker x2  
  34  3:34  Zealot  
  34  3:35  Zealot  
  34  3:55  Zealot x2  
  36  4:08  Zealot x2  
  36  4:24  Stalker x3  
  36  4:47  Zealot x3  
  36  4:52  Zealot  
  44  4:55  Sentry  
  44  5:11  Zealot x2  
  44  5:12  Zealot  
  46  5:23  Pylon  
  38  5:39  Zealot x2, Sentry  
  40  5:52  Zealot x2  
Tags
 
Add a new tag
Caveats
  • Supply blocks, unpowered buildings, or Contaminate may cause inaccurate times.
  • Supply counts are checked every 10 seconds.